Bruins vs Sabres

Created - September-21-14 at 10:11

Simulating a Pre-Season

Goals
1 2 3 OT1 SO T
Bruins 2 0 1 0 2 4
Sabres 1 1 1 0 0 3
Shots
1 2 3 OT1 SO T
Bruins 21 7 11 2 3 41
Sabres 12 19 8 2 2 41

1st period

1. Sabres , Jason Pominville 1 (Matt Duchene) at 3:54
2. Bruins , David Krejci 1 (Braydon Coburn, Milan Lucic) at 16:09 (PP)
3. Bruins , Brad Marchand 1 (Patrice Bergeron) at 19:38

Penalties :
Oliver Ekman-Larsson (BUF) for Interference (Minor) at 6:20, Brayden Schenn (BUF) for Hooking (Minor) at 9:19, Francois Beauchemin (BUF) for Hooking (Minor) at 14:20

2nd period

4. Sabres , Zach Parise 1 (Jason Pominville) at 0:06

Penalties :
Braydon Coburn (BOS) for Roughing (Minor) at 4:39, Johnny Boychuk (BOS) for Hooking (Minor) at 13:43, Jason Pominville (BUF) for Holding (Minor) at 15:16, Johnny Boychuk (BOS) for Interference (Minor) at 18:42

3rd period

5. Bruins , Loui Eriksson 1 (Zdeno Chara, Carl Soderberg) at 9:07
6. Sabres , Oliver Ekman-Larsson 1 (Matt Duchene, Zach Parise) at 11:20 (PP)

Penalties :
Francois Beauchemin (BUF) for Roughing (Minor) at 0:56, Brad Marchand (BOS) for Roughing (Minor) at 10:31, Brayden Schenn (BUF) for Cross-checking (Minor) at 12:40, Zdeno Chara (BOS) for Hooking (Minor) at 19:41

Overtime #1

No Goal

Penalties :
No Penalty

Shootout

Penalty Shot by David Krejci for Bruins - Shot Misses the Net
Penalty Shot by Matt Duchene for Sabres - Shot Misses the Net
Penalty Shot by Patrice Bergeron for Bruins - Goal!
Penalty Shot by Zach Parise for Sabres - Stopped by Tuukka Rask
Penalty Shot by Milan Lucic for Bruins - Goal!

Penalties :
No Penalty

Goalie Stats

Tuukka Rask (BOS), 38 saves from 41 shots - (0.927), W, 1-0-0, 65:00 minutes
Ondrej Pavelec (BUF), 38 saves from 41 shots - (0.927), OTL, 0-0-1, 65:00 minutes

Players Stats for Bruins

Player Name              G  A  P  +/- PIM S  H  SB GA TA FO     MP     PP MP  PK MP  
------------------------------------------------------------------------------------
Brad Marchand            1  0  1   0  2   5  1  0  0  0  0/0    19:22   5:42   0:00 
Braydon Coburn           0  1  1  -1  2   4  5  1  0  0  0/0    20:26   4:51   2:03 
Carl Hagelin             0  0  0  -1  0   1  0  0  0  0  1/2     6:57   0:00   0:00 
Carl Soderberg           0  1  1   1  0   1  3  0  0  0  3/13   14:36   5:42   0:00 
Chris Kelly              0  0  0  -1  0   0  2  0  0  0  0/1     6:57   0:00   0:00 
David Krejci             1  0  1   0  0   6  0  1  0  0  25/48  26:15   5:36   6:41 
Dennis Seidenberg        0  0  0   1  0   1  1  3  0  0  0/0    22:49   4:51   3:42 
Dougie Hamilton          0  0  0   0  0   0  3  1  0  0  0/0    17:07   0:00   0:00 
Jakub Voracek            0  0  0   0  0   3  0  0  0  0  0/1    20:33   5:36   1:19 
Johnny Boychuk           0  0  0   1  4   2  0  2  0  0  0/0    24:11   6:27   3:03 
Loui Eriksson            1  0  1   1  0   2  0  0  0  0  2/3     8:54   0:00   0:00 
Milan Lucic              0  1  1   0  0   3  4  0  0  0  2/4    20:33   5:36   1:19 
Patrice Bergeron         0  1  1   0  0   2  1  0  0  0  24/38  27:14   5:42   5:38 
Pierre-Alexandr Parentea 0  0  0   1  0   3  1  0  0  0  0/0     9:15   0:00   0:00 
Reilly Smith             0  0  0   0  0   2  0  0  0  0  0/1    13:41   0:00   0:00 
Ryan Spooner             0  0  0  -1  0   1  0  0  0  0  4/7     6:57   0:00   0:00 
Torey Krug               0  0  0  -1  0   1  2  0  0  0  0/0    15:58   0:00   3:51 
Zdeno Chara              0  1  1   0  2   4  2  2  0  0  0/0    29:25   6:27   3:59 

Players Stats for Sabres

Player Name              G  A  P  +/- PIM S  H  SB GA TA FO     MP     PP MP  PK MP  
------------------------------------------------------------------------------------
Brad Boyes               0  0  0   0  0   1  0  0  0  0  1/1    16:41   1:49   0:00 
Brad Stuart              0  0  0   0  0   0  1  0  0  0  0/0    11:56   0:00   0:00 
Brayden Schenn           0  0  0   0  4   6  5  0  0  0  12/24  16:39   1:49   0:00 
Chris Stewart            0  0  0  -1  0   0  2  0  0  0  0/0     2:12   0:00   0:00 
Dan Girardi              0  0  0   2  0   2  0  2  0  0  0/0    28:42   3:50   5:17 
Daniel Winnik            0  0  0   0  0   0  0  0  0  0  0/2    12:40   0:00   0:43 
Francois Beauchemin      0  0  0  -2  4   1  2  1  0  0  0/0    21:04   2:48   3:48 
Grant Clitsome           0  0  0   0  0   0  1  0  0  0  0/0     1:03   0:00   0:00 
Jason Pominville         1  1  2   1  2   6  2  0  0  0  4/11   22:45   4:48   3:19 
Johnny Oduya             0  0  0   0  0   2  0  4  0  0  0/0    15:15   0:00   3:19 
Josh Gorges              0  0  0  -2  0   2  1  1  0  0  0/0    23:19   2:48   6:01 
Matt Duchene             0  2  2   0  0   3  1  0  0  0  25/55  30:19   4:49   7:16 
Oliver Ekman-Larsson     1  0  1   2  2   3  3  2  0  0  0/0    28:38   3:50   4:11 
Paul Byron               0  0  0   0  0   2  2  0  0  0  0/0    11:57   0:00   0:00 
Paul Gaustad             0  0  0   0  0   0  0  0  0  0  9/17   11:57   0:00   0:00 
Thomas Vanek             0  0  0   0  0   7  0  0  0  0  1/1    22:44   1:49   4:02 
Tom Pyatt                0  0  0  -1  0   0  0  0  0  0  3/4     2:12   0:00   0:00 
Zach Parise              1  1  2   1  0   6  1  0  0  0  2/3    28:07   4:49   7:16 

3 Stars

1 - Zach Parise (BUF)
2 - Jason Pominville (BUF)
3 - Oliver Ekman-Larsson (BUF)

Power Play

Bruins - 1 on 6 Attempt(s) - 16.67%
Sabres - 1 on 5 Attempt(s) - 20.00%

Penalty Kill

Bruins - 4 on 5 Attempt(s) - 80.00% - Score 0 goal in Penalty Kill
Sabres - 5 on 6 Attempt(s) - 83.33% - Score 0 goal in Penalty Kill

Official

Referees : Kelly Sutherland and Francois StLaurent
Linesman : Kiel Murchison and Jonny Murray

Game Notes

No Game Note

% Time on Ice - Bruins

Lines # - Real PCT - Wanted PCT - Time Play
Normal Forward
1 - 33% - 40% - 13:41
2 - 29% - 30% - 12:06
3 - 21% - 20% - 8:54
4 - 17% - 10% - 6:57
Normal Defense
1 - 39% - 40% - 16:10
2 - 31% - 30% - 12:50
3 - 29% - 20% - 12:07
4 - 1% - 10% - 0:31
PP Forward
1 - 50% - 60% - 5:36
2 - 50% - 40% - 5:42
PP Defense
1 - 57% - 60% - 6:27
2 - 43% - 40% - 4:51
PK Forward
1 - 80% - 60% - 5:19
2 - 20% - 40% - 1:19
PK Defense
1 - 65% - 60% - 4:17
2 - 35% - 40% - 2:21
PK3 Forward
1 - 81% - 60% - 1:22
2 - 19% - 40% - 0:19
PK3 Defense
1 - 70% - 60% - 1:11
2 - 30% - 40% - 0:30
44 Forward
1 - 59% - 60% - 2:13
2 - 41% - 40% - 1:32
44 Defense
1 - 62% - 60% - 2:19
2 - 38% - 40% - 1:26
Last Minute Offensive  - 0:00
Last Minute Defensive  - 0:00
Total
Forward - 65:00
Defense - 65:00

% Time on Ice - Sabres

Lines # - Real PCT - Wanted PCT - Time Play
Normal Forward
1 - 30% - 40% - 12:37
2 - 36% - 30% - 14:52
3 - 29% - 20% - 11:57
4 - 5% - 10% - 2:12
Normal Defense
1 - 40% - 40% - 16:48
2 - 28% - 30% - 11:51
3 - 29% - 20% - 11:56
4 - 3% - 10% - 1:03
PP Forward
1 - 73% - 60% - 4:49
2 - 27% - 40% - 1:49
PP Defense
1 - 58% - 60% - 3:50
2 - 42% - 40% - 2:48
PK Forward
1 - 64% - 60% - 7:16
2 - 36% - 40% - 4:02
PK Defense
1 - 47% - 60% - 5:17
2 - 53% - 40% - 6:01
PK3 Forward
1 - 0% - 60%
2 - 0% - 40%
PK3 Defense
1 - 0% - 60%
2 - 0% - 40%
44 Forward
1 - 63% - 60% - 3:25
2 - 37% - 40% - 2:01
44 Defense
1 - 51% - 60% - 2:47
2 - 49% - 40% - 2:39
Last Minute Offensive  - 0:00
Last Minute Defensive  - 0:00
Total
Forward - 65:00
Defense - 65:00

Play by Play

1st period


0:01 of 1st period - Matt Duchene wins face-off versus Patrice Bergeron in neutral zone.
0:01 of 1st period - Oliver Ekman-Larsson is hit by Brad Marchand and loses puck.
0:12 of 1st period - Shot by Zach Parise.
0:12 of 1st period - Stopped by Tuukka Rask without a rebound.
0:13 of 1st period - Brayden Schenn wins face-off versus David Krejci in Bruins zone.
0:18 of 1st period - Shot by Thomas Vanek.
0:18 of 1st period - Stopped by Tuukka Rask without a rebound.
0:19 of 1st period - Paul Gaustad wins face-off versus Carl Soderberg in Bruins zone.
0:40 of 1st period - Shot by Paul Byron.
0:40 of 1st period - Shot Misses the Net.
0:48 of 1st period - Shot by Pierre-Alexandr Parenteau.
0:48 of 1st period - Stopped by Ondrej Pavelec with a rebound.
1:14 of 1st period - Shot by David Krejci.
1:14 of 1st period - Stopped by Ondrej Pavelec without a rebound.
1:15 of 1st period - Matt Duchene wins face-off versus Patrice Bergeron in Sabres zone.
1:56 of 1st period - Shot by Reilly Smith.
1:56 of 1st period - Shot Blocked by Dan Girardi.
2:04 of 1st period - Zdeno Chara is hit by Zach Parise and loses puck.
2:36 of 1st period - Jakub Voracek is hit by Francois Beauchemin and loses puck.
2:39 of 1st period - Shot by David Krejci.
2:39 of 1st period - Stopped by Ondrej Pavelec without a rebound.
2:40 of 1st period - David Krejci wins face-off versus Paul Gaustad in Sabres zone.
2:40 of 1st period - Johnny Boychuk is hit by Brad Stuart and loses puck.
2:47 of 1st period - Shot by Daniel Winnik.
2:47 of 1st period - Shot Misses the Net.
2:55 of 1st period - Shot by Daniel Winnik.
2:55 of 1st period - Shot Misses the Net.
3:07 of 1st period - Shot by Paul Gaustad.
3:07 of 1st period - Shot Misses the Net.
3:32 of 1st period - Icing by Johnny Boychuk.
3:33 of 1st period - Brayden Schenn wins face-off versus David Krejci in Bruins zone.
3:36 of 1st period - Shot by Thomas Vanek.
3:36 of 1st period - Shot Misses the Net.
3:38 of 1st period - Shot by Josh Gorges.
3:38 of 1st period - Stopped by Tuukka Rask with a rebound.
3:40 of 1st period - Shot by Brad Boyes.
3:40 of 1st period - Shot Blocked by Johnny Boychuk.
3:50 of 1st period - Shot by Brayden Schenn.
3:50 of 1st period - Stopped by Tuukka Rask without a rebound.
3:51 of 1st period - Matt Duchene wins face-off versus Ryan Spooner in Bruins zone.
3:54 of 1st period - Shot by Jason Pominville.
3:54 of 1st period - Goal by Jason Pominville - Bruins : 0 - Sabres : 1.
3:55 of 1st period - Tom Pyatt wins face-off versus Ryan Spooner in neutral zone.
4:05 of 1st period - Shot by Zdeno Chara.
4:05 of 1st period - Stopped by Ondrej Pavelec without a rebound.
4:06 of 1st period - Patrice Bergeron wins face-off versus Matt Duchene in Sabres zone.
4:15 of 1st period - Shot by Patrice Bergeron.
4:15 of 1st period - Shot Misses the Net.
4:25 of 1st period - Shot by Reilly Smith.
4:25 of 1st period - Stopped by Ondrej Pavelec without a rebound.
4:26 of 1st period - Ryan Spooner wins face-off versus Brayden Schenn in Sabres zone.
4:33 of 1st period - Shot by Carl Hagelin.
4:33 of 1st period - Shot Misses the Net.
4:35 of 1st period - Shot by Ryan Spooner.
4:35 of 1st period - Shot Misses the Net.
4:37 of 1st period - Shot by Braydon Coburn.
4:37 of 1st period - Shot Blocked by Francois Beauchemin.
4:39 of 1st period - Shot by Chris Kelly.
4:39 of 1st period - Shot Misses the Net.
4:41 of 1st period - Shot by Carl Hagelin.
4:41 of 1st period - Shot Misses the Net.
4:43 of 1st period - Shot by Torey Krug.
4:43 of 1st period - Stopped by Ondrej Pavelec without a rebound.
4:44 of 1st period - Matt Duchene wins face-off versus Carl Soderberg in Sabres zone.
4:44 of 1st period - Zach Parise is hit by Pierre-Alexandr Parenteau and loses puck.
4:49 of 1st period - Shot by Pierre-Alexandr Parenteau.
4:49 of 1st period - Stopped by Ondrej Pavelec without a rebound.
4:50 of 1st period - Patrice Bergeron wins face-off versus Matt Duchene in Sabres zone.
4:53 of 1st period - Shot by Dougie Hamilton.
4:53 of 1st period - Shot Misses the Net.
5:21 of 1st period - Shot by Patrice Bergeron.
5:21 of 1st period - Shot Misses the Net.
5:28 of 1st period - Off-side.
5:29 of 1st period - Loui Eriksson wins face-off versus Brayden Schenn in neutral zone.
5:44 of 1st period - Shot by Brayden Schenn.
5:44 of 1st period - Stopped by Tuukka Rask without a rebound.
5:45 of 1st period - David Krejci wins face-off versus Paul Gaustad in Bruins zone.
5:45 of 1st period - David Krejci is hit by Paul Byron.
6:12 of 1st period - Jakub Voracek is hit by Grant Clitsome and loses puck.
6:20 of 1st period - Minor Penalty to Oliver Ekman-Larsson for Interference.
6:21 of 1st period - Patrice Bergeron wins face-off versus Matt Duchene in Sabres zone.
6:52 of 1st period - Shot by Zdeno Chara.
6:52 of 1st period - Stopped by Ondrej Pavelec without a rebound.
6:53 of 1st period - David Krejci wins face-off versus Matt Duchene in Sabres zone.
7:08 of 1st period - Shot by Thomas Vanek.
7:08 of 1st period - Shot Blocked by Dennis Seidenberg.
7:10 of 1st period - Shot by Johnny Oduya.
7:10 of 1st period - Stopped by Tuukka Rask without a rebound.
7:11 of 1st period - Patrice Bergeron wins face-off versus Matt Duchene in Bruins zone.
7:43 of 1st period - Shot by Patrice Bergeron.
7:43 of 1st period - Shot Misses the Net.
7:45 of 1st period - Shot by Zdeno Chara.
7:45 of 1st period - Shot Blocked by Johnny Oduya.
7:47 of 1st period - Shot by Brad Marchand.
7:47 of 1st period - Shot Blocked by Johnny Oduya.
7:49 of 1st period - Shot by Zdeno Chara.
7:49 of 1st period - Shot Blocked by Johnny Oduya.
7:51 of 1st period - Shot by Carl Soderberg.
7:51 of 1st period - Stopped by Ondrej Pavelec without a rebound.
7:52 of 1st period - David Krejci wins face-off versus Matt Duchene in Sabres zone.
7:59 of 1st period - Shot by Braydon Coburn.
7:59 of 1st period - Stopped by Ondrej Pavelec without a rebound.
8:00 of 1st period - Matt Duchene wins face-off versus David Krejci in Sabres zone.
8:27 of 1st period - Icing by Dougie Hamilton.
8:28 of 1st period - Ryan Spooner wins face-off versus Brayden Schenn in Bruins zone.
8:28 of 1st period - Ryan Spooner is hit by Brayden Schenn.
8:33 of 1st period - Zdeno Chara is hit by Brayden Schenn and loses puck.
8:50 of 1st period - Shot by Thomas Vanek.
8:50 of 1st period - Shot Misses the Net.
8:52 of 1st period - Shot by Dan Girardi.
8:52 of 1st period - Shot Misses the Net.
8:54 of 1st period - Shot by Dan Girardi.
8:54 of 1st period - Shot Misses the Net.
9:19 of 1st period - Minor Penalty to Brayden Schenn for Hooking.
9:20 of 1st period - Matt Duchene wins face-off versus David Krejci in Sabres zone.
9:20 of 1st period - Matt Duchene is hit by Milan Lucic.
9:53 of 1st period - Icing by Braydon Coburn.
9:54 of 1st period - Jason Pominville wins face-off versus David Krejci in Bruins zone.
10:05 of 1st period - Thomas Vanek is hit by Milan Lucic and loses puck.
10:14 of 1st period - Shot by David Krejci.
10:14 of 1st period - Shot Misses the Net.
10:16 of 1st period - Shot by Braydon Coburn.
10:16 of 1st period - Stopped by Ondrej Pavelec without a rebound.
10:17 of 1st period - Zach Parise wins face-off versus Patrice Bergeron in Sabres zone.
10:23 of 1st period - Icing by Johnny Boychuk.
10:24 of 1st period - Matt Duchene wins face-off versus Patrice Bergeron in Bruins zone.
10:36 of 1st period - Off-side.
10:37 of 1st period - Carl Soderberg wins face-off versus Matt Duchene in neutral zone.
11:01 of 1st period - Zdeno Chara is hit by Francois Beauchemin and loses puck.
11:06 of 1st period - Shot by Patrice Bergeron.
11:06 of 1st period - Shot Blocked by Josh Gorges.
11:27 of 1st period - Shot by Jakub Voracek.
11:27 of 1st period - Stopped by Ondrej Pavelec without a rebound.
11:28 of 1st period - Tom Pyatt wins face-off versus David Krejci in Sabres zone.
11:50 of 1st period - Braydon Coburn is hit by Chris Stewart and loses puck.
12:05 of 1st period - Shot by David Krejci.
12:05 of 1st period - Shot Hit the Post.
12:07 of 1st period - Shot by Milan Lucic.
12:07 of 1st period - Shot Misses the Net.
12:09 of 1st period - Shot by Jakub Voracek.
12:09 of 1st period - Shot Blocked by Oliver Ekman-Larsson.
12:34 of 1st period - Thomas Vanek is hit by Zdeno Chara.
12:38 of 1st period - Shot by Brayden Schenn.
12:38 of 1st period - Stopped by Tuukka Rask without a rebound.
12:39 of 1st period - Paul Gaustad wins face-off versus Patrice Bergeron in Bruins zone.
12:45 of 1st period - Icing by Dennis Seidenberg.
12:46 of 1st period - Brayden Schenn wins face-off versus Patrice Bergeron in Bruins zone.
12:49 of 1st period - Shot by Thomas Vanek.
12:49 of 1st period - Stopped by Tuukka Rask without a rebound.
12:50 of 1st period - Patrice Bergeron wins face-off versus Brayden Schenn in Bruins zone.
13:05 of 1st period - Shot by Thomas Vanek.
13:05 of 1st period - Stopped by Tuukka Rask without a rebound.
13:06 of 1st period - Matt Duchene wins face-off versus Carl Soderberg in Bruins zone.
14:04 of 1st period - Josh Gorges is hit by Dougie Hamilton and loses puck.
14:20 of 1st period - Minor Penalty to Francois Beauchemin for Hooking.
14:21 of 1st period - David Krejci wins face-off versus Matt Duchene in Sabres zone.
14:22 of 1st period - Shot by Dennis Seidenberg.
14:22 of 1st period - Stopped by Ondrej Pavelec without a rebound.
14:23 of 1st period - Matt Duchene wins face-off versus David Krejci in Sabres zone.
15:00 of 1st period - Shot by Jakub Voracek.
15:00 of 1st period - Stopped by Ondrej Pavelec without a rebound.
15:01 of 1st period - Patrice Bergeron wins face-off versus Jason Pominville in Sabres zone.
15:23 of 1st period - Icing by Patrice Bergeron.
15:24 of 1st period - Patrice Bergeron wins face-off versus Jason Pominville in Bruins zone.
16:07 of 1st period - Shot by Braydon Coburn.
16:07 of 1st period - Shot Misses the Net.
16:09 of 1st period - Shot by David Krejci.
16:09 of 1st period - Goal by David Krejci - Bruins : 1 - Sabres : 1.
16:10 of 1st period - Carl Hagelin wins face-off versus Paul Gaustad in neutral zone.
16:17 of 1st period - Shot by Ryan Spooner.
16:17 of 1st period - Stopped by Ondrej Pavelec without a rebound.
16:18 of 1st period - Brayden Schenn wins face-off versus David Krejci in Sabres zone.
16:28 of 1st period - Torey Krug is hit by Oliver Ekman-Larsson and loses puck.
16:39 of 1st period - Shot by David Krejci.
16:39 of 1st period - Shot Misses the Net.
17:01 of 1st period - Shot by David Krejci.
17:01 of 1st period - Shot Hit the Post.
17:03 of 1st period - Shot by Braydon Coburn.
17:03 of 1st period - Stopped by Ondrej Pavelec with a rebound.
17:47 of 1st period - Off-side.
17:48 of 1st period - Carl Soderberg wins face-off versus Daniel Winnik in neutral zone.
17:57 of 1st period - Icing by Dougie Hamilton.
17:58 of 1st period - Paul Gaustad wins face-off versus Carl Soderberg in Bruins zone.
18:05 of 1st period - Shot by Johnny Oduya.
18:05 of 1st period - Stopped by Tuukka Rask without a rebound.
18:06 of 1st period - Matt Duchene wins face-off versus David Krejci in Bruins zone.
18:07 of 1st period - Shot by Zach Parise.
18:07 of 1st period - Shot Blocked by Dougie Hamilton.
18:10 of 1st period - Icing by Zdeno Chara.
18:11 of 1st period - Matt Duchene wins face-off versus Jakub Voracek in Bruins zone.
18:14 of 1st period - Shot by Matt Duchene.
18:14 of 1st period - Stopped by Tuukka Rask without a rebound.
18:15 of 1st period - Patrice Bergeron wins face-off versus Zach Parise in Bruins zone.
18:41 of 1st period - Francois Beauchemin is hit by Patrice Bergeron and loses puck.
18:54 of 1st period - Shot by Brad Marchand.
18:54 of 1st period - Stopped by Ondrej Pavelec with a rebound.
19:05 of 1st period - Off-side.
19:06 of 1st period - Thomas Vanek wins face-off versus David Krejci in neutral zone.
19:24 of 1st period - Shot by Milan Lucic.
19:24 of 1st period - Stopped by Ondrej Pavelec without a rebound.
19:25 of 1st period - Paul Gaustad wins face-off versus Carl Soderberg in Sabres zone.
19:25 of 1st period - Paul Gaustad is hit by Carl Soderberg.
19:28 of 1st period - Icing by Johnny Oduya.
19:29 of 1st period - David Krejci wins face-off versus Paul Gaustad in Sabres zone.
19:32 of 1st period - Shot by Milan Lucic.
19:32 of 1st period - Stopped by Ondrej Pavelec without a rebound.
19:33 of 1st period - Patrice Bergeron wins face-off versus Matt Duchene in Sabres zone.
19:38 of 1st period - Shot by Brad Marchand.
19:38 of 1st period - Goal by Brad Marchand - Bruins : 2 - Sabres : 1.
19:39 of 1st period - Matt Duchene wins face-off versus Patrice Bergeron in neutral zone.
Goals for this period are 2 for Bruins vs 1 for Sabres.
Shots for this period are 21 for Bruins vs 12 for Sabres.

2nd period


0:01 of 2nd period - Zach Parise wins face-off versus Patrice Bergeron in neutral zone.
0:04 of 2nd period - Shot by Jason Pominville.
0:04 of 2nd period - Stopped by Tuukka Rask with a rebound.
0:06 of 2nd period - Shot by Zach Parise.
0:06 of 2nd period - Goal by Zach Parise - Bruins : 2 - Sabres : 2.
0:07 of 2nd period - Patrice Bergeron wins face-off versus Matt Duchene in neutral zone.
0:40 of 2nd period - Shot by Reilly Smith.
0:40 of 2nd period - Stopped by Ondrej Pavelec without a rebound.
0:41 of 2nd period - Brayden Schenn wins face-off versus David Krejci in Sabres zone.
0:59 of 2nd period - Shot by Jakub Voracek.
0:59 of 2nd period - Shot Misses the Net.
1:24 of 2nd period - Shot by Thomas Vanek.
1:24 of 2nd period - Stopped by Tuukka Rask with a rebound.
1:45 of 2nd period - Shot by Josh Gorges.
1:45 of 2nd period - Deflect By Zach Parise.
1:45 of 2nd period - Stopped by Tuukka Rask with a rebound.
1:47 of 2nd period - Shot by Zach Parise.
1:47 of 2nd period - Stopped by Tuukka Rask without a rebound.
1:48 of 2nd period - Paul Gaustad wins face-off versus Patrice Bergeron in Bruins zone.
2:06 of 2nd period - Icing by Johnny Oduya.
2:07 of 2nd period - Paul Gaustad wins face-off versus Loui Eriksson in Sabres zone.
2:42 of 2nd period - Paul Gaustad is hit by Torey Krug and loses puck.
3:05 of 2nd period - Shot by Jason Pominville.
3:05 of 2nd period - Stopped by Tuukka Rask without a rebound.
3:06 of 2nd period - Brayden Schenn wins face-off versus Patrice Bergeron in Bruins zone.
3:23 of 2nd period - Shot by Thomas Vanek.
3:23 of 2nd period - Shot Misses the Net.
3:27 of 2nd period - Shot by Thomas Vanek.
3:27 of 2nd period - Stopped by Tuukka Rask with a rebound.
3:29 of 2nd period - Shot by Dan Girardi.
3:29 of 2nd period - Shot Blocked by Zdeno Chara.
3:31 of 2nd period - Shot by Oliver Ekman-Larsson.
3:31 of 2nd period - Shot Blocked by Zdeno Chara.
3:33 of 2nd period - Shot by Brad Boyes.
3:33 of 2nd period - Stopped by Tuukka Rask with a rebound.
3:39 of 2nd period - Shot by Brayden Schenn.
3:39 of 2nd period - Shot Misses the Net.
3:41 of 2nd period - Shot by Thomas Vanek.
3:41 of 2nd period - Stopped by Tuukka Rask without a rebound.
3:42 of 2nd period - Matt Duchene wins face-off versus David Krejci in Bruins zone.
3:47 of 2nd period - Shot by Josh Gorges.
3:47 of 2nd period - Shot Misses the Net.
3:57 of 2nd period - Shot by Milan Lucic.
3:57 of 2nd period - Deflect By David Krejci.
3:57 of 2nd period - Stopped by Ondrej Pavelec without a rebound.
3:58 of 2nd period - Loui Eriksson wins face-off versus Daniel Winnik in Sabres zone.
4:08 of 2nd period - Johnny Oduya is hit by Braydon Coburn and loses puck.
4:19 of 2nd period - Shot by Daniel Winnik.
4:19 of 2nd period - Shot Misses the Net.
4:21 of 2nd period - Shot by Brad Stuart.
4:21 of 2nd period - Shot Misses the Net.
4:29 of 2nd period - Shot by Paul Byron.
4:29 of 2nd period - Stopped by Tuukka Rask with a rebound.
4:32 of 2nd period - Daniel Winnik is hit by Braydon Coburn and loses puck.
4:38 of 2nd period - Paul Byron is hit by Braydon Coburn and loses puck.
4:39 of 2nd period - Minor Penalty to Braydon Coburn for Roughing.
4:40 of 2nd period - Jason Pominville wins face-off versus David Krejci in Bruins zone.
5:05 of 2nd period - Shot by Dan Girardi.
5:05 of 2nd period - Stopped by Tuukka Rask with a rebound.
5:30 of 2nd period - Icing by Jason Pominville.
5:31 of 2nd period - David Krejci wins face-off versus Matt Duchene in Sabres zone.
6:03 of 2nd period - Off-side.
6:04 of 2nd period - Brad Boyes wins face-off versus David Krejci in neutral zone.
6:23 of 2nd period - Shot by Francois Beauchemin.
6:23 of 2nd period - Stopped by Tuukka Rask without a rebound.
6:24 of 2nd period - Milan Lucic wins face-off versus Brayden Schenn in Bruins zone.
7:10 of 2nd period - Carl Soderberg is hit by Paul Byron and loses puck.
7:16 of 2nd period - Icing by Zdeno Chara.
7:17 of 2nd period - Brayden Schenn wins face-off versus Carl Soderberg in Bruins zone.
7:17 of 2nd period - Brayden Schenn is hit by Dougie Hamilton.
7:33 of 2nd period - Shot by Brayden Schenn.
7:33 of 2nd period - Stopped by Tuukka Rask without a rebound.
7:34 of 2nd period - Patrice Bergeron wins face-off versus Matt Duchene in Bruins zone.
7:46 of 2nd period - Icing by Oliver Ekman-Larsson.
7:47 of 2nd period - David Krejci wins face-off versus Matt Duchene in Sabres zone.
7:54 of 2nd period - Shot by David Krejci.
7:54 of 2nd period - Stopped by Ondrej Pavelec with a rebound.
8:03 of 2nd period - Icing by Braydon Coburn.
8:04 of 2nd period - Brayden Schenn wins face-off versus David Krejci in Bruins zone.
8:29 of 2nd period - Torey Krug is hit by Brayden Schenn and loses puck.
9:20 of 2nd period - Zdeno Chara is hit by Jason Pominville and loses puck.
9:25 of 2nd period - Shot by Matt Duchene.
9:25 of 2nd period - Stopped by Tuukka Rask without a rebound.
9:26 of 2nd period - Paul Gaustad wins face-off versus Ryan Spooner in Bruins zone.
9:30 of 2nd period - Paul Byron is hit by Dennis Seidenberg and loses puck.
10:04 of 2nd period - Icing by Paul Gaustad.
10:05 of 2nd period - Patrice Bergeron wins face-off versus Paul Gaustad in Sabres zone.
10:52 of 2nd period - Icing by Zach Parise.
10:53 of 2nd period - Carl Soderberg wins face-off versus Matt Duchene in Sabres zone.
11:14 of 2nd period - Oliver Ekman-Larsson is hit by Carl Soderberg and loses puck.
11:27 of 2nd period - Shot by Zach Parise.
11:27 of 2nd period - Shot Misses the Net.
11:29 of 2nd period - Shot by Oliver Ekman-Larsson.
11:29 of 2nd period - Shot Misses the Net.
11:33 of 2nd period - Shot by Zach Parise.
11:33 of 2nd period - Shot Misses the Net.
12:31 of 2nd period - Shot by Jakub Voracek.
12:31 of 2nd period - Stopped by Ondrej Pavelec without a rebound.
12:32 of 2nd period - Patrice Bergeron wins face-off versus Paul Gaustad in Sabres zone.
13:02 of 2nd period - Off-side.
13:03 of 2nd period - Ryan Spooner wins face-off versus Matt Duchene in neutral zone.
13:43 of 2nd period - Minor Penalty to Johnny Boychuk for Hooking.
13:44 of 2nd period - David Krejci wins face-off versus Brayden Schenn in Bruins zone.
14:28 of 2nd period - Shot by Josh Gorges.
14:28 of 2nd period - Shot Misses the Net.
14:30 of 2nd period - Shot by Brayden Schenn.
14:30 of 2nd period - Stopped by Tuukka Rask without a rebound.
14:31 of 2nd period - Jason Pominville wins face-off versus Milan Lucic in Bruins zone.
14:56 of 2nd period - Shot by Zach Parise.
14:56 of 2nd period - Stopped by Tuukka Rask without a rebound.
14:57 of 2nd period - David Krejci wins face-off versus Matt Duchene in Bruins zone.
14:57 of 2nd period - David Krejci is hit by Matt Duchene.
15:16 of 2nd period - Minor Penalty to Jason Pominville for Holding.
15:17 of 2nd period - David Krejci wins face-off versus Matt Duchene in Sabres zone.
15:22 of 2nd period - Shot by Patrice Bergeron.
15:22 of 2nd period - Stopped by Ondrej Pavelec without a rebound.
15:23 of 2nd period - David Krejci wins face-off versus Matt Duchene in Sabres zone.
15:52 of 2nd period - Shot by Dennis Seidenberg.
15:52 of 2nd period - Shot Misses the Net.
15:54 of 2nd period - Shot by Milan Lucic.
15:54 of 2nd period - Stopped by Ondrej Pavelec without a rebound.
15:55 of 2nd period - Patrice Bergeron wins face-off versus Matt Duchene in Sabres zone.
16:16 of 2nd period - Shot by Brad Marchand.
16:16 of 2nd period - Stopped by Ondrej Pavelec without a rebound.
16:17 of 2nd period - David Krejci wins face-off versus Matt Duchene in Sabres zone.
17:42 of 2nd period - Brad Stuart is hit by Chris Kelly and loses puck.
18:11 of 2nd period - Icing by Paul Gaustad.
18:12 of 2nd period - Paul Gaustad wins face-off versus Patrice Bergeron in Sabres zone.
18:29 of 2nd period - Shot by Paul Byron.
18:29 of 2nd period - Stopped by Tuukka Rask without a rebound.
18:30 of 2nd period - Matt Duchene wins face-off versus Carl Soderberg in Bruins zone.
18:42 of 2nd period - Minor Penalty to Johnny Boychuk for Interference.
18:43 of 2nd period - David Krejci wins face-off versus Jason Pominville in Bruins zone.
19:01 of 2nd period - Shot by Dan Girardi.
19:01 of 2nd period - Stopped by Tuukka Rask without a rebound.
19:02 of 2nd period - David Krejci wins face-off versus Brayden Schenn in Bruins zone.
19:17 of 2nd period - David Krejci is hit by Brayden Schenn and loses puck.
19:28 of 2nd period - Shot by Josh Gorges.
19:28 of 2nd period - Stopped by Tuukka Rask without a rebound.
19:29 of 2nd period - David Krejci wins face-off versus Matt Duchene in Bruins zone.
Goals for this period are 0 for Bruins vs 1 for Sabres.
Shots for this period are 7 for Bruins vs 19 for Sabres.

3rd period


0:01 of 3rd period - Matt Duchene wins face-off versus David Krejci in neutral zone.
0:04 of 3rd period - Shot by Oliver Ekman-Larsson.
0:04 of 3rd period - Stopped by Tuukka Rask without a rebound.
0:05 of 3rd period - David Krejci wins face-off versus Matt Duchene in Bruins zone.
0:54 of 3rd period - Johnny Boychuk is hit by Josh Gorges and loses puck.
0:56 of 3rd period - Minor Penalty to Francois Beauchemin for Roughing.
0:57 of 3rd period - Matt Duchene wins face-off versus David Krejci in Sabres zone.
1:16 of 3rd period - Shot by Jakub Voracek.
1:16 of 3rd period - Shot Misses the Net.
1:28 of 3rd period - Shot by Dennis Seidenberg.
1:28 of 3rd period - Shot Misses the Net.
1:41 of 3rd period - Icing by Braydon Coburn.
1:42 of 3rd period - David Krejci wins face-off versus Jason Pominville in Bruins zone.
1:42 of 3rd period - David Krejci is hit by Oliver Ekman-Larsson.
2:13 of 3rd period - Shot by Johnny Boychuk.
2:13 of 3rd period - Stopped by Ondrej Pavelec without a rebound.
2:14 of 3rd period - Matt Duchene wins face-off versus Patrice Bergeron in Sabres zone.
2:25 of 3rd period - Icing by Zdeno Chara.
2:26 of 3rd period - Patrice Bergeron wins face-off versus Matt Duchene in Bruins zone.
2:31 of 3rd period - Dan Girardi is hit by Carl Soderberg.
2:43 of 3rd period - Shot by Zdeno Chara.
2:43 of 3rd period - Shot Misses the Net.
2:45 of 3rd period - Shot by Zdeno Chara.
2:45 of 3rd period - Stopped by Ondrej Pavelec without a rebound.
2:46 of 3rd period - Matt Duchene wins face-off versus David Krejci in Sabres zone.
2:58 of 3rd period - Icing by Zdeno Chara.
2:59 of 3rd period - Brayden Schenn wins face-off versus Carl Hagelin in Bruins zone.
3:18 of 3rd period - Shot by Ryan Spooner.
3:18 of 3rd period - Deflect By Carl Hagelin.
3:18 of 3rd period - Stopped by Ondrej Pavelec without a rebound.
3:19 of 3rd period - Matt Duchene wins face-off versus Patrice Bergeron in Sabres zone.
3:38 of 3rd period - Shot by Jason Pominville.
3:38 of 3rd period - Shot Misses the Net.
3:57 of 3rd period - Shot by Matt Duchene.
3:57 of 3rd period - Shot Misses the Net.
4:04 of 3rd period - Icing by Dougie Hamilton.
4:05 of 3rd period - Patrice Bergeron wins face-off versus Brayden Schenn in Bruins zone.
5:39 of 3rd period - Shot by Pierre-Alexandr Parenteau.
5:39 of 3rd period - Deflect By Loui Eriksson.
5:39 of 3rd period - Stopped by Ondrej Pavelec with a rebound.
5:49 of 3rd period - Shot by Carl Soderberg.
5:49 of 3rd period - Shot Misses the Net.
6:56 of 3rd period - Icing by Dougie Hamilton.
6:57 of 3rd period - Brayden Schenn wins face-off versus Chris Kelly in Bruins zone.
7:08 of 3rd period - Oliver Ekman-Larsson is hit by Chris Kelly.
7:55 of 3rd period - Shot by Zach Parise.
7:55 of 3rd period - Shot Misses the Net.
7:57 of 3rd period - Shot by Francois Beauchemin.
7:57 of 3rd period - Shot Blocked by Johnny Boychuk.
8:06 of 3rd period - Icing by Dennis Seidenberg.
8:07 of 3rd period - Patrice Bergeron wins face-off versus Tom Pyatt in Bruins zone.
8:07 of 3rd period - Patrice Bergeron is hit by Chris Stewart.
8:36 of 3rd period - Matt Duchene is hit by Torey Krug.
8:57 of 3rd period - Icing by Francois Beauchemin.
8:58 of 3rd period - Tom Pyatt wins face-off versus Carl Soderberg in Sabres zone.
9:07 of 3rd period - Shot by Loui Eriksson.
9:07 of 3rd period - Goal by Loui Eriksson - Bruins : 3 - Sabres : 2.
9:08 of 3rd period - Ryan Spooner wins face-off versus Brayden Schenn in neutral zone.
9:54 of 3rd period - Icing by Oliver Ekman-Larsson.
9:55 of 3rd period - Patrice Bergeron wins face-off versus Brayden Schenn in Sabres zone.
10:08 of 3rd period - Shot by Brad Marchand.
10:08 of 3rd period - Shot Misses the Net.
10:16 of 3rd period - Shot by Patrice Bergeron.
10:16 of 3rd period - Stopped by Ondrej Pavelec with a rebound.
10:31 of 3rd period - Minor Penalty to Brad Marchand for Roughing.
10:32 of 3rd period - Matt Duchene wins face-off versus David Krejci in Bruins zone.
10:38 of 3rd period - Zach Parise is hit by Braydon Coburn and loses puck.
10:43 of 3rd period - Shot by Jason Pominville.
10:43 of 3rd period - Stopped by Tuukka Rask without a rebound.
10:44 of 3rd period - Patrice Bergeron wins face-off versus Matt Duchene in Bruins zone.
10:44 of 3rd period - Patrice Bergeron is hit by Jason Pominville.
11:12 of 3rd period - Shot by Matt Duchene.
11:12 of 3rd period - Stopped by Tuukka Rask without a rebound.
11:13 of 3rd period - Matt Duchene wins face-off versus David Krejci in Bruins zone.
11:16 of 3rd period - Shot by Oliver Ekman-Larsson.
11:16 of 3rd period - Shot Blocked by Dennis Seidenberg.
11:18 of 3rd period - Shot by Matt Duchene.
11:18 of 3rd period - Shot Hit the Post.
11:20 of 3rd period - Shot by Oliver Ekman-Larsson.
11:20 of 3rd period - Goal by Oliver Ekman-Larsson - Bruins : 3 - Sabres : 3.
11:21 of 3rd period - Paul Gaustad wins face-off versus Carl Soderberg in neutral zone.
11:41 of 3rd period - Johnny Oduya is hit by Dougie Hamilton and loses puck.
11:55 of 3rd period - Icing by Johnny Oduya.
11:56 of 3rd period - David Krejci wins face-off versus Paul Gaustad in Sabres zone.
11:59 of 3rd period - Shot by Milan Lucic.
11:59 of 3rd period - Shot Blocked by Johnny Oduya.
12:24 of 3rd period - Jakub Voracek is hit by Oliver Ekman-Larsson.
12:34 of 3rd period - Shot by Jason Pominville.
12:34 of 3rd period - Stopped by Tuukka Rask without a rebound.
12:35 of 3rd period - Patrice Bergeron wins face-off versus Brayden Schenn in Bruins zone.
12:35 of 3rd period - Patrice Bergeron is hit by Brayden Schenn.
12:40 of 3rd period - Minor Penalty to Brayden Schenn for Cross-checking.
12:41 of 3rd period - Patrice Bergeron wins face-off versus Matt Duchene in Sabres zone.
12:46 of 3rd period - Shot by Patrice Bergeron.
12:46 of 3rd period - Deflect By Brad Marchand.
12:46 of 3rd period - Stopped by Ondrej Pavelec with a rebound.
12:48 of 3rd period - Shot by Carl Soderberg.
12:48 of 3rd period - Shot Misses the Net.
12:50 of 3rd period - Shot by Johnny Boychuk.
12:50 of 3rd period - Deflect By Patrice Bergeron.
12:50 of 3rd period - Shot Misses the Net.
12:52 of 3rd period - Shot by Johnny Boychuk.
12:52 of 3rd period - Shot Misses the Net.
12:54 of 3rd period - Shot by Zdeno Chara.
12:54 of 3rd period - Shot Misses the Net.
12:56 of 3rd period - Shot by Johnny Boychuk.
12:56 of 3rd period - Shot Blocked by Oliver Ekman-Larsson.
12:58 of 3rd period - Shot by Brad Marchand.
12:58 of 3rd period - Stopped by Ondrej Pavelec with a rebound.
13:10 of 3rd period - Shot by Johnny Boychuk.
13:10 of 3rd period - Stopped by Ondrej Pavelec without a rebound.
13:11 of 3rd period - David Krejci wins face-off versus Matt Duchene in Sabres zone.
13:42 of 3rd period - Shot by Dennis Seidenberg.
13:42 of 3rd period - Shot Misses the Net.
13:44 of 3rd period - Shot by Braydon Coburn.
13:44 of 3rd period - Stopped by Ondrej Pavelec without a rebound.
13:45 of 3rd period - Patrice Bergeron wins face-off versus Jason Pominville in Sabres zone.
13:54 of 3rd period - Shot by Patrice Bergeron.
13:54 of 3rd period - Shot Misses the Net.
13:56 of 3rd period - Shot by Zdeno Chara.
13:56 of 3rd period - Stopped by Ondrej Pavelec without a rebound.
13:57 of 3rd period - Matt Duchene wins face-off versus Patrice Bergeron in Sabres zone.
14:46 of 3rd period - Paul Byron is hit by Milan Lucic and loses puck.
14:53 of 3rd period - Shot by Paul Gaustad.
14:53 of 3rd period - Shot Misses the Net.
15:02 of 3rd period - Paul Gaustad is hit by Braydon Coburn and loses puck.
15:56 of 3rd period - Shot by Brayden Schenn.
15:56 of 3rd period - Stopped by Tuukka Rask without a rebound.
15:57 of 3rd period - Matt Duchene wins face-off versus Reilly Smith in Bruins zone.
16:40 of 3rd period - Shot by Zach Parise.
16:40 of 3rd period - Stopped by Tuukka Rask without a rebound.
16:41 of 3rd period - Brayden Schenn wins face-off versus Carl Soderberg in Bruins zone.
16:42 of 3rd period - Shot by Oliver Ekman-Larsson.
16:42 of 3rd period - Stopped by Tuukka Rask with a rebound.
17:41 of 3rd period - Icing by Oliver Ekman-Larsson.
17:42 of 3rd period - Patrice Bergeron wins face-off versus Brayden Schenn in Sabres zone.
18:02 of 3rd period - Shot by Brad Marchand.
18:02 of 3rd period - Shot Blocked by Dan Girardi.
18:15 of 3rd period - Icing by Oliver Ekman-Larsson.
18:16 of 3rd period - Brayden Schenn wins face-off versus David Krejci in Sabres zone.
18:16 of 3rd period - Brayden Schenn is hit by Milan Lucic.
19:00 of 3rd period - Icing by Braydon Coburn.
19:01 of 3rd period - David Krejci wins face-off versus Paul Gaustad in Bruins zone.
19:21 of 3rd period - Johnny Oduya is hit by Zdeno Chara and loses puck.
19:38 of 3rd period - Shot by Paul Byron.
19:38 of 3rd period - Shot Misses the Net.
19:40 of 3rd period - Shot by Paul Byron.
19:40 of 3rd period - Shot Misses the Net.
19:41 of 3rd period - Minor Penalty to Zdeno Chara for Hooking.
19:42 of 3rd period - David Krejci wins face-off versus Matt Duchene in Bruins zone.
Goals for this period are 1 for Bruins vs 1 for Sabres.
Shots for this period are 11 for Bruins vs 8 for Sabres.

Overtime #1


0:01 of 1st overtime period - Matt Duchene wins face-off versus David Krejci in neutral zone.
0:26 of 1st overtime period - Icing by Dan Girardi.
0:27 of 1st overtime period - David Krejci wins face-off versus Matt Duchene in Sabres zone.
0:50 of 1st overtime period - Shot by Zach Parise.
0:50 of 1st overtime period - Deflect By Matt Duchene.
0:50 of 1st overtime period - Shot Misses the Net.
1:23 of 1st overtime period - Shot by Jason Pominville.
1:23 of 1st overtime period - Shot Blocked by Dennis Seidenberg.
1:33 of 1st overtime period - Shot by Thomas Vanek.
1:33 of 1st overtime period - Shot Misses the Net.
1:35 of 1st overtime period - Shot by Thomas Vanek.
1:35 of 1st overtime period - Stopped by Tuukka Rask without a rebound.
1:36 of 1st overtime period - Patrice Bergeron wins face-off versus Matt Duchene in Bruins zone.
1:51 of 1st overtime period - Shot by Patrice Bergeron.
1:51 of 1st overtime period - Shot Hit the Post.
2:01 of 1st overtime period - Shot by Pierre-Alexandr Parenteau.
2:01 of 1st overtime period - Stopped by Ondrej Pavelec without a rebound.
2:02 of 1st overtime period - David Krejci wins face-off versus Jason Pominville in Sabres zone.
2:15 of 1st overtime period - Off-side.
2:16 of 1st overtime period - David Krejci wins face-off versus Matt Duchene in neutral zone.
2:24 of 1st overtime period - Shot by Matt Duchene.
2:24 of 1st overtime period - Shot Blocked by Braydon Coburn.
2:32 of 1st overtime period - Shot by Oliver Ekman-Larsson.
2:32 of 1st overtime period - Shot Blocked by David Krejci.
2:34 of 1st overtime period - Shot by Zach Parise.
2:34 of 1st overtime period - Shot Misses the Net.
2:57 of 1st overtime period - Off-side.
2:58 of 1st overtime period - Milan Lucic wins face-off versus Jason Pominville in neutral zone.
3:11 of 1st overtime period - Shot by Jakub Voracek.
3:11 of 1st overtime period - Shot Misses the Net.
3:35 of 1st overtime period - Shot by Jason Pominville.
3:35 of 1st overtime period - Stopped by Tuukka Rask without a rebound.
3:36 of 1st overtime period - Matt Duchene wins face-off versus David Krejci in Bruins zone.
4:14 of 1st overtime period - Shot by David Krejci.
4:14 of 1st overtime period - Stopped by Ondrej Pavelec without a rebound.
4:15 of 1st overtime period - Jason Pominville wins face-off versus Milan Lucic in Sabres zone.
Goals for this period are 0 for Bruins vs 0 for Sabres.
Shots for this period are 2 for Bruins vs 2 for Sabres.

ShootOut


5:00 of 1st overtime period - Penalty Shot by David Krejci for Bruins.
5:00 of 1st overtime period - Shot Misses the Net.
5:00 of 1st overtime period - Penalty Shot by Matt Duchene for Sabres.
5:00 of 1st overtime period - Shot Misses the Net.
5:00 of 1st overtime period - Penalty Shot by Patrice Bergeron for Bruins.
5:00 of 1st overtime period - Goal by Patrice Bergeron.
5:00 of 1st overtime period - Penalty Shot by Zach Parise for Sabres.
5:00 of 1st overtime period - Stopped by Tuukka Rask.
5:00 of 1st overtime period - Penalty Shot by Milan Lucic for Bruins.
5:00 of 1st overtime period - Goal by Milan Lucic.


Output by the SimonT Hockey Simulator (STHS) for Stephane Roy -- Original Page W3C XHTML 1.0 Valid
Hockey Simulator - Hockey Simulation - Hockey Manager